 Dungeon Crawl Stone Soup version 0.26.1-11-gd32895ea62 (webtiles) character file.

Game seed: 15821104836333949678

99 jlumianski the Grasshopper (level 4, -6/38 HPs)
             Began as a Gnoll Warper on May 1, 2021.
             Killed by divine providence
             ... invoked by an orc priest
              (13 damage)
             ... on level 3 of the Dungeon.
             The game lasted 00:08:15 (1941 turns).

jlumianski the Grasshopper (Gnoll Warper)           Turns: 1941, Time: 00:08:15

Health: -6/38      AC:  5    Str: 13    XL:     4   Next: 72%
Magic:  5/11       EV: 14    Int: 17    God:
Gold:   62         SH:  0    Dex: 14    Spells: 8/13 levels left

rFire    . . .     SeeInvis .   a - +0 hand axe
rCold    . . .     Faith    .   (no shield)
rNeg     . . .     Spirit   .   b - +0 leather armour
rPois    .         Reflect  .   (no helmet)
rElec    .         Harm     .   (no cloak)
rCorr    .         Rampage  .   (no gloves)
Will     .....                  t - +1 pair of boots
Stlth    +.........             (no amulet)
HPRegen  0.12/turn              (no ring)
MPRegen  0.12/turn              (no ring)

@: very slightly contaminated
A: distributed training, fangs 1, strong nose
a: no special abilities


You were on level 3 of the Dungeon.
You visited 1 branch of the dungeon, and saw 3 of its levels.

You collected 62 gold pieces.

Inventory:

Hand Weapons
 a - a +0 hand axe (weapon)
Missiles
 e - 5 boomerangs of dispersal
 f - 85 stones
 j - 3 curare-tipped darts (quivered)
Armour
 b - a +0 leather armour (worn)
 i - a +0 ring mail
 t - a +1 pair of boots (worn)
Jewellery
 n - an uncursed ring of ice
 o - an uncursed amulet of guardian spirit {unknown}
Scrolls
 d - 2 scrolls of blinking
 h - 2 scrolls of identify {unknown}
 k - a scroll of random uselessness {unknown}
 q - a scroll of enchant weapon {unknown}
 r - a scroll of immolation {unknown}
 s - a scroll of teleportation {unknown}
 u - a scroll of remove curse {unknown}
 v - a scroll of fear {unknown}
Potions
 c - a potion of haste {unknown}
 g - 3 potions of curing {unknown}
 l - a potion of magic {unknown}
 m - a potion of brilliance {unknown}
 p - a potion of heal wounds {unknown}


   Skills:
 + Level 4.7 Fighting
 + Level 1.2 Short Blades
 + Level 1.2 Long Blades
 + Level 4.7 Axes
 + Level 1.2 Maces & Flails
 + Level 1.2 Polearms
 + Level 1.2 Staves
 + Level 1.2 Slings
 + Level 1.2 Bows
 + Level 1.2 Crossbows
 + Level 2.8 Throwing
 + Level 2.8 Armour
 + Level 4.7 Dodging
 + Level 1.2 Stealth
 + Level 1.2 Shields
 + Level 1.2 Unarmed Combat
 + Level 5.1 Spellcasting
 + Level 1.0 Conjurations
 + Level 1.0 Hexes
 + Level 1.0 Summonings
 + Level 1.0 Necromancy
 + Level 5.5 Translocations
 + Level 1.0 Transmutations
 + Level 1.0 Fire Magic
 + Level 1.0 Ice Magic
 + Level 1.0 Air Magic
 + Level 1.0 Earth Magic
 + Level 1.0 Poison Magic
 + Level 1.3 Invocations
 + Level 1.2 Evocations


You had 8 spell levels left.
You knew the following spells:

 Your Spells              Type           Power        Failure   Level
a - Blink                 Tloc           N/A          2%          2
b - Gell's Gravitas       Tloc           11%          5%          3

Your spell library contained the following spells:

 Spells                   Type           Power        Failure   Level
 Lesser Beckoning         Tloc           11%          5%          3
 Teleport Other           Tloc           23%          5%          3
 Passage of Golubria      Tloc           N/A          19%         4


Dungeon Overview and Level Annotations

Branches:
Dungeon (3/15)

Altars:
Dithmenos
Uskayaw
Xom


Innate Abilities, Weirdness & Mutations

Your experience applies equally to all skills.
You have very sharp teeth.
Your uncanny sense of smell can sniff out nearby items.


Message History

Your Necromancy skill increases to level 1!
Your Transmutations skill increases to level 1!
Your Fire Magic skill increases to level 1!
Your Ice Magic skill increases to level 1!
Your Air Magic skill increases to level 1!
Your Earth Magic skill increases to level 1!
Your Poison Magic skill increases to level 1!
Throw: 4 darts (curare)
Press: ? - help, Q - select action, (/) - cycle Shift-Dir - straight line, f/p - orc priest
Aim: an orc priest, wearing a +0 scale mail (lightly wounded, 65% to hit)
You throw a curare-tipped dart.
The curare-tipped dart hits the orc priest.
The orc priest is poisoned.
The orc priest convulses.
The orc priest seems to slow down.
The orc priest is severely wounded.
You hit the orc priest but do no damage.
The orc priest is almost dead.
The orc priest mumbles some strange prayers to Beogh against you.
Beogh smites you!
You die...

#.)..o..o.# .....#####.#
##.#.# #o# # #r# #.##
#.####.#r## #oo.o.###.##
##.#.#..## ##.#
.#.#.#.#.###.###########
.#.#.#. .#..ooo@.......
.#.#.# #.########.####
...#.#∆ ## ..##.# ..##.#
.....# ..##.# ..##.#
.....#


You could see an orc priest (very poisoned, slow), an orc wizard (very poisoned,
slow) and an orc.

Vanquished Creatures
  An orc priest (D:3)
  2 adders
  An ooze (D:1)
  A worm (D:2)
  5 leopard geckos
  6 goblins
  8 hobgoblins
  4 kobolds
  2 bats
  7 frilled lizards
  5 rats
42 creatures vanquished.

Notes
Turn   | Place    | Note
-------+----------+-------------------------------------------
     0 | D:1      | jlumianski the Gnoll Warper began the quest for the Orb.
     0 | D:1      | Reached XP level 1. HP: 20/20 MP: 6/6
    50 | D:1      | Reached XP level 2. HP: 9/26 MP: 7/7
    56 | D:1      | Learned a level 2 spell: Blink
   512 | D:1      | Found an ornate altar of the Wu Jian Council.
   514 | D:1      | Found an ancient bone altar of Kikubaaqudgha.
   514 | D:1      | Found a shimmering altar of Xom.
   516 | D:1      | Found a shimmering altar of Xom.
   516 | D:1      | Found a hide-covered altar of Uskayaw.
   516 | D:1      | Found a shadowy altar of Dithmenos.
   533 | D:1      | Reached XP level 3. HP: 27/31 MP: 9/9
   808 | D:1      | Reached skill level 5 in Spellcasting
  1123 | D:2      | Reached skill level 1 in Invocations
  1208 | D:2      | Reached skill level 1 in Short Blades
  1208 | D:2      | Reached skill level 1 in Long Blades
  1208 | D:2      | Reached skill level 1 in Maces & Flails
  1208 | D:2      | Reached skill level 1 in Polearms
  1208 | D:2      | Reached skill level 1 in Staves
  1208 | D:2      | Reached skill level 1 in Slings
  1208 | D:2      | Reached skill level 1 in Bows
  1208 | D:2      | Reached skill level 1 in Crossbows
  1208 | D:2      | Reached skill level 1 in Stealth
  1208 | D:2      | Reached skill level 1 in Shields
  1208 | D:2      | Reached skill level 1 in Unarmed Combat
  1208 | D:2      | Reached skill level 1 in Evocations
  1270 | D:2      | Reached XP level 4. HP: 26/38 MP: 11/11
  1274 | D:2      | Learned a level 3 spell: Gell's Gravitas
  1940 | D:3      | Reached skill level 1 in Conjurations
  1940 | D:3      | Reached skill level 1 in Hexes
  1940 | D:3      | Reached skill level 1 in Summonings
  1940 | D:3      | Reached skill level 1 in Necromancy
  1940 | D:3      | Reached skill level 1 in Transmutations
  1940 | D:3      | Reached skill level 1 in Fire Magic
  1940 | D:3      | Reached skill level 1 in Ice Magic
  1940 | D:3      | Reached skill level 1 in Air Magic
  1940 | D:3      | Reached skill level 1 in Earth Magic
  1940 | D:3      | Reached skill level 1 in Poison Magic
  1941 | D:3      | Killed from afar by an orc priest

Illustrated notes

Levels and vault maps discovered:
D:1:      denvon_arrival_planthouse, layout_rooms, doesnt_xom_only_xom
D:2:      layout_rooms, minmay_misc_feat_encased
D:3:      kennysheep_goblin_castle, layout_loops_ring, moated_statue

Skill      XL: |  1  2  3  4 |
---------------+-------------+-----
Spellcasting   | 5 |  5.1
Invocations    | 1 |  1.3
Short Blades   | 1 |  1.2
Long Blades    | 1 |  1.2
Maces & Flails | 1 |  1.2
Polearms       | 1 |  1.2
Staves         | 1 |  1.2
Slings         | 1 |  1.2
Bows           | 1 |  1.2
Crossbows      | 1 |  1.2
Stealth        | 1 |  1.2
Shields        | 1 |  1.2
Unarmed Combat | 1 |  1.2
Evocations     | 1 |  1.2
Conjurations   | 1 |  1.0
Hexes          | 1 |  1.0
Summonings     | 1 |  1.0
Necromancy     | 1 |  1.0
Transmutations | 1 |  1.0
Fire Magic     | 1 |  1.0
Ice Magic      | 1 |  1.0
Air Magic      | 1 |  1.0
Earth Magic    | 1 |  1.0
Poison Magic   | 1 |  1.0
Fighting       | |  4.7
Axes           | |  4.7
Throwing       | |  2.8
Armour         | |  2.8
Dodging        | |  4.7
Translocations | |  5.5

Action                   |  1- 3 |  4- 6 || total
-------------------------+-------+-------++-------
Melee: Hand axe          |    90 |    36 ||   126
       Bite              |     7 |     3 ||    10
Throw: Stone             |     1 |       ||     1
       Dart              |     2 |     3 ||     5
 Cast: Blink             |     2 |     1 ||     3
       Gell's Gravitas   |       |     1 ||     1
 Stab: Sleeping          |       |     2 ||     2
Armor: Leather armour    |    12 |     9 ||    21
Dodge: Dodged            |    58 |    21 ||    79
